 Dungeon Crawl Stone Soup version 0.30-a0-414-gcb316572d5 (webtiles) character file.

Game seed: 17875710605118494995

8546 p00ps00p the Cleaver (level 11, -2/102 HPs)
             Began as a Hill Orc Fighter on Dec 8, 2022.
             Was an Initiate of Gozag.
             Succumbed to a red devil's poison
             ... on level 1 of the Orcish Mines.
             The game lasted 00:18:39 (12067 turns).

p00ps00p the Cleaver (Hill Orc Fighter)            Turns: 12067, Time: 00:18:40

Health: -2/102     AC: 24    Str: 37    XL:     11   Next: 32%
Magic:  0/11       EV:  8    Int: 12    God:    Gozag
Gold:   767        SH:  7    Dex: 10    Spells: 10/10 levels left

rFire   x . .      SeeInvis +    i - +2 hand axe (vorpal)
rCold   . . .      Faith    .    B - +1 buckler of the Eagle {Will+ Str+3 Int+4}
rNeg    + . .      Spirit   +    u - +1 plate armour
rPois   .          Reflect  .    g - +2 helmet
rElec   +          Harm     .    y - -1 cloak of Uqeateer {+Inv Str+4 Slay+3}
rCorr   .          Rampage  .    z - +0 pair of gloves of Forking Paths {rElec rF- rN+}
Will    +....                    t - +2 pair of boots
Stlth   ..........               e - amulet of guardian spirit
HPRegen 0.37/turn                k - +6 ring of strength
MPRegen 0.12/turn                d - ring of see invisible

@: lethally poisoned (-2 -> -17), spiked
A: no striking features
a: Renounce Religion, Convert to Beogh, Evoke Invisibility, Potion Petition,
Call Merchant, Bribe Branch


You were on level 1 of the Orcish Mines.
You worshipped Gozag.
Gozag was pleased with you.
You visited 2 branches of the dungeon, and saw 11 of its levels.
You also visited: Sewer.

You collected 2282 gold pieces.
You spent 1044 gold pieces at shops.
You paid 471 gold pieces to Gozag.

Inventory:

Hand Weapons
 a - a +0 war axe
 i - a +2 vorpal hand axe (weapon)
Missiles
 f - 50 poisoned darts (quivered)
 s - 2 throwing nets
Armour
 g - a +2 helmet (worn)
 t - a +2 pair of boots (worn)
 u - a +1 plate armour (worn)
 y - the -1 cloak of Uqeateer (worn) {+Inv Str+4 Slay+3}
   (You bought it in a shop on level 7 of the Dungeon)

   Str:       It affects your strength (+4).
   Slay:      It affects your accuracy & damage with ranged weapons and melee
   (+3).
   +Inv:      It lets you turn invisible.
 z - the +0 pair of gloves of Forking Paths (worn) {rElec rF- rN+}
   (You bought it in a shop on level 7 of the Dungeon)

   rF:        It makes you vulnerable to fire.
   rElec:     It insulates you from electricity.
   rN:        It protects you from negative energy.
 B - the +1 buckler of the Eagle (worn) {Will+ Str+3 Int+4}
   (You bought it in a shop on level 7 of the Dungeon)

   Str:       It affects your strength (+3).
   Int:       It affects your intelligence (+4).
   Will:      It increases your willpower.
Jewellery
 d - a ring of see invisible (right hand)
 e - an amulet of guardian spirit (around neck)
 k - a +6 ring of strength (left hand)
 n - a ring of resist corrosion
Wands
 j - a wand of iceblast (12)
Scrolls
 b - a scroll of amnesia
 p - 3 scrolls of fog
 q - 8 scrolls of teleportation
 C - a scroll of summoning
 F - 2 scrolls of blinking
 G - a scroll of magic mapping
 H - 2 scrolls of enchant armour
Potions
 c - a potion of attraction {unknown}
 h - a potion of brilliance
 l - 3 potions of cancellation
 m - 3 potions of lignification
 o - a potion of haste
 r - 2 potions of berserk rage
 w - a potion of ambrosia {unknown}
 x - a potion of resistance {unknown}
 A - a potion of flight {unknown}
 D - a potion of invisibility {unknown}


   Skills:
 + Level 11.1 Fighting
 + Level 11.6 Axes
 + Level 10.1 Armour
 + Level 10.1 Shields


You had 10 spell levels left.
You didn't know any spells.
Your spell library contained the following spells:

 Spells                   Type           Power      Damage    Failure   Level
 Apportation              Tloc           0%         N/A       90%         1
 Necrotise                Necr           0%         1d4       90%         1
 Slow                     Hex            0%         N/A       90%         1
 Summon Small Mammal      Summ           0%         N/A       90%         1
 Confusing Touch          Hex            0%         N/A       99%         3
 Gell's Gravitas          Tloc           0%         N/A       99%         3
 Teleport Other           Tloc           0%         N/A       99%         3
 Vampiric Draining        Necr           0%         2d6       99%         3
 Dispersal                Tloc           0%         N/A       100%        6


Dungeon Overview and Level Annotations

Branches:
Dungeon (9/15)             Temple (0/1) D:5             Orc (2/2) D:9
  Sewer (visited)
   Lair: D:8-11         Elf: Orc:2

Altars:
Ashenzari
Dithmenos
Fedhas
Gozag
Makhleb
Okawaru
Qazlal
Vehumet
Xom
Yredelemnul
Zin
The Shining One

Shops:
D:7 [   D:9 *

Annotations:
D:4 2 transporters, lunkers's ghost, novice MeGl


Message History

* * * LOW HITPOINT WARNING * * *
Barbed spikes become lodged in your body.
You are poisoned.
An orc priest comes into view. It is wielding a +0 whip.
The orc priest shouts, "Surrender to Beogh and we'll let you live!"
The barbs in your skin will harm you if you move.
Continue?
You hit the orc warrior but do no damage.
The orc warrior is no longer distracted by gold.
The orc warrior is lightly wounded.
You hit the orc wizard.
You feel sick.
You feel better.
The orc warrior hits you but does no damage.
The red devil closely misses you. The orc warrior misses you.
The orc priest calls down the wrath of Beogh upon you.
Beogh smites you!
* * * LOW HITPOINT WARNING * * *
You hear a shout!
The orc priest attacks as you move away!
The orc priest closely misses you.
The barbed spikes dig painfully into your body as you move.
* * * LOW HITPOINT WARNING * * *
The orc wizard hits you but does no damage.
The red devil hits you from afar with a +1 demon trident of venom.
* * * LOW HITPOINT WARNING * * *
Barbed spikes become lodged in your body.
You are poisoned.
There is a stone staircase leading up, spattered with blood here.
You feel sick.
The orc warrior hits you from afar with a +0 trident.
* * * LOW HITPOINT WARNING * * *
The red devil hits you but does no damage.
You are lethally poisoned!
The orc priest looks braver for a moment.
The orc warrior hits you but does no damage.
The orc sorcerer mumbles some strange words.
The barbed spikes dig painfully into your body as you move.
* * * LOW HITPOINT WARNING * * *
You climb upwards.
You die...
Your body crumbles into a pile of gold.

##.......###.....#...#...
##...#.....#.....###......
##......^..#...............
##.#.......................#
#...........#............##.
##.#.#......................
########.)..............##.
###.####.[.o............###.
##....##...o@o.).........##..
#....#..#......[<.#.......##.
##.#...............#.###.####
##.........).......## ###
##........[()......#
##.#...............##
#................###
##............#.##
##............###


You could see an orc warrior, an orc priest and an orc wizard (invisible).

Vanquished Creatures
  2 two-headed ogres (D:9)
  An orc knight (Orc:1)
  An ugly thing (D:9)
  Joseph (D:9)
  A troll (Orc:1)
  4 slime creatures (D:8)
  Sigmund (D:4)
  A wraith (D:9)
  3 yaks (D:9)
  Eustachio (D:4)
  A basilisk (D:9)
  A steam dragon (D:9)
  Edmund (D:3)
  Menkaure (D:4)
  A warg (Orc:1)
  2 acid dragons (D:9)
  7 orc warriors
  An ice beast (D:7)
  2 black bears
  A centaur (D:9)
  5 ogres
  3 kobold brigands (D:9)
  5 bullfrogs
  3 scorpions
  A necrophage (D:5)
  5 wights (D:6)
  6 killer bees (D:9)
  2 orc priests
  2 hounds
  2 jellies (D:7)
  Terence (D:2)
  8 orc wizards
  2 iguanas (D:6)
  4 gnolls (D:4)
  8 adders
  2 shadow imps
  4 white imps
  2 worms (D:5)
  3 dart slugs
  50 orcs
  13 ball pythons
  9 bats
  5 endoplasms
  12 giant cockroaches
  7 hobgoblins
  11 jackals
  22 kobolds
  3 quokkas
  9 frilled lizards
  12 goblins
  7 rats
262 creatures vanquished.

Vanquished Creatures (others)
  An orc wizard (D:8)
  An orc (Orc:2)
  9 plants (D:2)
11 creatures vanquished.

Grand Total: 273 creatures vanquished

Notes
Turn   | Place    | Note
-------+----------+-------------------------------------------
     0 | D:1      | p00ps00p the Hill Orc Fighter began the quest for the Orb.
     0 | D:1      | Reached XP level 1. HP: 19/19 MP: 1/1
   241 | D:1      | Reached XP level 2. HP: 26/27 MP: 2/2
   628 | D:2      | Reached XP level 3. HP: 33/33 MP: 3/3
  1563 | D:2      | Reached XP level 4. HP: 40/40 MP: 4/4
  1588 | D:2      | Noticed Terence
  1597 | D:2      | Killed Terence
  1905 | D:3      | Found an opulent altar of Gozag.
  1990 | D:3      | Became a worshipper of Gozag Ym Sagoz the Greedy
  2690 | D:4      | Found a faded altar of an unknown god.
  2690 | D:4      | Found a shimmering altar of Xom.
  2698 | D:4      | Found a blossoming altar of Fedhas.
  2700 | D:4      | Found a shadowy altar of Dithmenos.
  2702 | D:4      | Found a stormy altar of Qazlal.
  2737 | D:4      | Noticed Edmund
  2745 | D:4      | Reached XP level 5. HP: 21/41 MP: 3/5
  2748 | D:4      | HP: 1/38 [Edmund/+1 flail of draining (3)]
  3053 | D:3      | Killed Edmund
  3054 | D:3      | Reached skill level 5 in Fighting
  3054 | D:3      | Reached XP level 6. HP: 12/55 MP: 2/6
  3460 | D:4      | Found a transporter.
  3472 | D:4      | Noticed lunkers's ghost (novice MeGl)
  3475 | D:4      | Found a transporter.
  3486 | D:4      | Noticed Eustachio
  3513 | D:4      | Killed Eustachio
  3514 | D:4      | Reached skill level 5 in Axes
  3514 | D:4      | Reached skill level 5 in Armour
  3514 | D:4      | Noticed a black bear
  3525 | D:4      | Killed a black bear
  3526 | D:4      | Reached skill level 5 in Shields
  3526 | D:4      | Reached XP level 7. HP: 44/62 MP: 5/7
  3813 | D:4      | Noticed Sigmund
  3823 | D:4      | Killed Sigmund
  4029 | D:4      | Noticed Menkaure
  4040 | D:4      | Killed Menkaure
  4041 | D:4      | Reached XP level 8. HP: 35/71 MP: 2/8
  4238 | D:4      | Found a broken altar of Ashenzari.
  4552 | D:5      | Entered Level 5 of the Dungeon
  4654 | D:5      | Found a staircase to the Ecumenical Temple.
  4871 | D:5      | Found a basalt altar of Yredelemnul.
  5715 | D:6      | Found a glowing drain.
  5730 | Sewer    | Entered a sewer
  6732 | D:6      | Found an iron altar of Okawaru.
  7020 | D:6      | Reached XP level 9. HP: 79/79 MP: 9/9
  7573 | D:7      | Found a glowing golden altar of the Shining One.
  7577 | D:7      | Identified the +3 rapier "Killer Klown's Peril" {flame,
                  | rPois}
  8580 | D:7      | Found a glowing silver altar of Zin.
  8838 | D:7      | Bought a dazzling cloak for 228 gold pieces
  8838 | D:7      | Identified the -1 cloak of Uqeateer {+Inv Str+4 Slay+3}
                  | (You bought it in a shop on level 7 of the Dungeon)
  8838 | D:7      | Bought a pair of crude gloves for 228 gold pieces
  8838 | D:7      | Identified the +0 pair of gloves of Forking Paths {rElec
                  | rF- rN+} (You bought it in a shop on level 7 of the
                  | Dungeon)
  9596 | D:7      | Bought a transparent buckler for 228 gold pieces
  9596 | D:7      | Identified the +1 buckler of the Eagle {Will+ Str+3 Int+4}
                  | (You bought it in a shop on level 7 of the Dungeon)
  9937 | D:9      | Noticed a two-headed ogre
  9949 | D:9      | Killed a two-headed ogre
  9950 | D:9      | Reached XP level 10. HP: 39/91 MP: 5/10
 10371 | D:9      | Noticed a two-headed ogre
 10385 | D:9      | Killed a two-headed ogre
 10386 | D:9      | Reached skill level 10 in Axes
 10528 | D:9      | Noticed a brown ugly thing
 10551 | D:9      | Killed a brown ugly thing
 10552 | D:9      | Reached skill level 10 in Fighting
 10875 | D:9      | Found Deadgh's General Store.
 10880 | D:9      | Bought a scroll of blinking for 90 gold pieces
 10880 | D:9      | Bought 3 scrolls of enchant armour for 270 gold pieces
 10894 | D:9      | Found a burning altar of Makhleb.
 10947 | D:9      | Found a radiant altar of Vehumet.
 11011 | D:9      | Found a staircase to the Orcish Mines.
 11018 | D:9      | Reached XP level 11. HP: 101/101 MP: 11/11
 11049 | D:9      | Noticed Joseph
 11068 | D:9      | Killed Joseph
 11257 | Orc:1    | Entered Level 1 of the Orcish Mines
 11289 | Orc:1    | Noticed an orc knight
 11322 | Orc:1    | Killed an orc knight
 11323 | Orc:1    | Reached skill level 10 in Armour
 11323 | Orc:1    | Reached skill level 10 in Shields
 11933 | Orc:2    | Entered Level 2 of the Orcish Mines
 12055 | Orc:2    | Noticed an orc sorcerer
 12067 | Orc:2    | HP: 4/102 [barbs]
 12067 | Orc:1    | Succumbed to a red devil's poison

Illustrated notes

Levels and vault maps discovered:
D:1:      psy_arrival_radial01, layout_rooms, st_stairs_8, nrook_loot_triangle,
          minmay_vboxes
D:2:      layout_basic, serial_forest, infiniplex_forest_lined_3_way,
          infiniplex_forest_end_3, infiniplex_forest_end_double,
          infiniplex_forest_clump_curved, infiniplex_forest_clump_C,
          infiniplex_forest_lined_corner, minmay_misc_feat_rugged, uniq_terence
D:3:      layout_basic, nicolae_gozag_cash_rules_everything_around_me
D:4:      layout_loops_cross, marbit_many_paths,
          chequers_temple_overflow_minitemple, gammafunk_ghost_arena,
          uniq_edmund, uniq_menkaure, uniq_sigmund, uniq_eustachio
D:5:      layout_cave_pods, mainiacjoe_overflow_six_doors_small,
          minmay_temple_entry_stoned_glass
D:6:      layout_gridville, nicolae_overflow_hidden_temple,
          portal_sewer_entry_d, nicolae_concentric_dashed_squares_mild
D:7:      layout_layer_cave, nicolae_tso_swordbearing_angel, zin_treasury
D:8:      layout_cave_pools
D:9:      layout_rooms, overflow_temple_1_default, nicolae_vehumet_altar_sigil,
          hiddenorc1_lemuel, serial_shops, shop, lightli_fourway_metalbox,
          uniq_joseph
Orc:1:    layout_caves
Orc:2:    grunt_orc_community_town_hall, layout_caves,
          grunt_orc_community_big_house_1, grunt_orc_community_big_house_1,
          grunt_orc_community_house_1, grunt_orc_community_house_1,
          grunt_orc_community_house_1, grunt_orc_community_house_3,
          grunt_orc_community_house_3

Skill      XL: |  1  2  3  4  5  6  7  8  9 10 11 |
---------------+----------------------------------+-----
Axes           | 3 4 5 6 7 9 11 | 11.6
Fighting       | 4 5 6 7 9 10 11 | 11.1
Armour         | 4 5 6 8 9 10 | 10.1
Shields        | 4 5 6 8 9 10 | 10.1

Action                   |  1- 3 |  4- 6 |  7- 9 | 10-12 || total
-------------------------+-------+-------+-------+-------++-------
Melee: War axe           |    90 |    96 |    58 |       ||   244
       Hand axe          |       |       |   306 |   225 ||   531
Invok: Call Merchant     |       |       |     1 |       ||     1
Evoke: Wand              |       |       |     2 |       ||     2
  Use: Scroll            |     8 |     1 |    15 |     1 ||    25
       Potion            |       |     2 |     1 |     2 ||     5
 Stab: Distracted        |       |       |     1 |     1 ||     2
Armor: Scale mail        |    59 |    45 |    74 |       ||   178
       Plate armour      |       |       |    74 |   110 ||   184
Dodge: Dodged            |    54 |    53 |   108 |    85 ||   300
Block: Buckler           |    36 |    35 |   103 |    62 ||   236

Table legend: (Time is in decaauts)
 A = Elapsed time spent in this place.
 B = Non-inter-level travel time spent in this place.
 C = Inter-level travel time spent in this place.
 D = Time resting spent in this place.
 E = Time spent auto-exploring this place.
 F = Levels seen in this place.
 G = Mean time per level.
                   A        B        C        D        E       F      G
               +--------+--------+--------+--------+--------+-----+--------+
         Total |  12185 |  11787 |    398 |   2094 |   7349 |  12 | 1015.4 |
       Dungeon |  10521 |  10147 |    374 |   1844 |   6398 |   9 | 1169.0 |
  Orcish Mines |    786 |    762 |     24 |      0 |    636 |   2 |  393.0 |
         Sewer |    877 |    877 |      0 |    250 |    315 |   1 |  877.0 |
               +--------+--------+--------+--------+--------+-----+--------+

Top non-repeatable levels by time:
     D:7: 1948 daAuts
     D:3: 1637 daAuts
     D:9: 1337 daAuts
     D:4: 1287 daAuts
     D:6: 1169 daAuts
     D:2: 1128 daAuts
   Sewer: 877 daAuts
     D:5: 865 daAuts
   Orc:1: 759 daAuts
     D:1: 579 daAuts
     D:8: 567 daAuts
   Orc:2: 27 daAuts
